 Dungeon Crawl Stone Soup version 0.30.1-11-g7821555f0a (webtiles) character file.

Game seed: 1879524858404205208

1227 H0rd4k the Sneak (level 8, -3/51 HPs)
             Began as an Octopode Artificer on Nov 8, 2023.
             Was an Initiate of Gozag.
             Slain by an ice beast (7 damage)
             ... on level 5 of the Dungeon.
             The game lasted 00:05:13 (5492 turns).

H0rd4k the Sneak (Octopode Artificer)               Turns: 5492, Time: 00:05:14

Health: -3/51      AC:  1    Str: 11    XL:     8   Next: 48%
Magic:  2/2        EV: 16    Int: 15    God:    Gozag
Gold:   337        SH:  0    Dex: 21    Spells: 7/7 levels left

rFire   . . .        C - +8 dagger of Summer {antimagic, rElec rC- Dex+8 Stlth-}
rCold   x . .        (no shield)
rNeg    . . .        (helmet restricted)
rPois   .            (no amulet)
rElec   +            (no ring)
rCorr   .            (no ring)
SInv    .            (no ring)
Will    .....        (no ring)
Stlth   ++++         (no ring)
HPRegen 0.28/turn    (no ring)
MPRegen 0.08/turn    (no ring)
                     (no ring)

%: no passive effects
@: marked, gold aura
A: almost no armour, amphibious, 8 rings, camouflage 1, gelatinous body 1,
(nimble swimmer 1), tentacles
a: Renounce Religion, Potion Petition, Call Merchant, Bribe Branch


You were on level 5 of the Dungeon.
You worshipped Gozag.
Gozag was aware of your devotion.
You visited 2 branches of the dungeon, and saw 8 of its levels.

You collected 389 gold pieces.
You paid 52 gold pieces to Gozag.

Inventory:

Hand Weapons
 C - the +8 dagger of Summer (weapon) {antimagic, rElec rC- Dex+8 Stlth-}
   (You found it on level 4 of the Dungeon)

   Dex:       It affects your dexterity (+8).
   rC:        It makes you vulnerable to cold.
   rElec:     It insulates you from electricity.
   Stlth:     It makes you less stealthy.
Missiles
 d - 3 poisoned darts
Jewellery
 m - a ring of fire
 u - a ring of protection from fire
Wands
 c - a wand of charming (13)
 w - a wand of paralysis (8)
 x - a wand of iceblast (9)
Scrolls
 a - 3 scrolls of immolation {unknown}
 b - a scroll of identify {unknown}
 f - a scroll of poison {unknown}
 h - 3 scrolls of teleportation {unknown}
 i - a scroll of enchant weapon {unknown}
 k - 2 scrolls of silence {unknown}
 q - a scroll of enchant armour {unknown}
 v - a scroll of torment {unknown}
 y - a scroll of vulnerability {unknown}
 z - a scroll of fog {unknown}
 A - a scroll of blinking {unknown}
Potions
 e - 3 potions of curing {unknown}
 g - a potion of berserk rage {unknown}
 j - a potion of magic {unknown}
 l - a potion of attraction {unknown}
 n - 3 potions of might {unknown}
 o - a potion of resistance {unknown}
 p - a potion of brilliance {unknown}
 r - 2 potions of degeneration {unknown}
 s - 7 potions of haste {unknown}
 t - 2 potions of heal wounds {unknown}
 B - a potion of flight {unknown}
 D - a potion of lignification {unknown}


   Skills:
 + Level 2.5 Fighting
 + Level 4.6 Dodging
 + Level 7.1 Stealth
 + Level 6.1 Unarmed Combat
 + Level 4.9 Evocations


You had 7 spell levels left.
You didn't know any spells.
Your spell library contained the following spells:

 Spells                   Type           Power      Damage    Failure   Level
 Ensorcelled Hibernation  Hex/Ice        0%         N/A       38%         2
 Passwall                 Tmut/Erth      0%         N/A       38%         2
 Call Canine Familiar     Summ           0%         N/A       63%         3
 Portal Projectile        Hex/Tloc       0%         N/A       63%         3
 Swiftness                Air            0%         N/A       63%         3
 Leda's Liquefaction      Hex/Erth       0%         N/A       95%         4
 Chain Lightning          Conj/Air       0%         N/A       100%        9
 Fire Storm               Conj/Fire      0%         5d1       100%        9
 Shatter                  Erth           0%         3d5*      100%        9


Dungeon Overview and Level Annotations

Branches:
Dungeon (7/15)             Temple (1/1) D:4

Altars:
Cheibriados
Dithmenos
Fedhas
Gozag
Kikubaaqudgha
Qazlal
Sif Muna
Trog
Vehumet
Wu Jian
Xom
Zin
The Shining One

Shops:
D:3 ([=(

Annotations:
D:2 1 runed translucent door, Crazy Yiuf
D:7 exclusion: ice beast


Innate Abilities, Weirdness & Mutations

You cannot wear most types of armour.
You are amphibious.
You can wear up to eight rings at the same time.
Your skin changes colour to match your surroundings (Stealth+).
Your rubbery body absorbs attacks. (AC +1, EV +1)
((You are camouflaged when in or above water. (Stealth+)))
You have tentacles for arms and can constrict up to eight enemies at once.


Message History

You hit the iguana. You squeeze the iguana.
You kill the iguana!
An iguana comes into view.
A sourceless malevolence fills the Dungeon...
With a horrendous wail, an alarm goes off!
A sentinel's mark forms upon you.
The iguana hisses angrily.
You see here 5 gold pieces.
An iguana is nearby!
An iguana is nearby!
An iguana is nearby!
An ice beast comes into view.
You barely miss the iguana. Your grab misses the iguana. The iguana misses you.
You completely miss the iguana. You grab the iguana.
You constrict the iguana, but do no damage.
The iguana barely misses you.
You barely miss the iguana. You constrict the iguana. The iguana bites you!
You hit the iguana.
The iguana is moderately wounded.
You constrict the iguana. The iguana closely misses you.
You barely miss the iguana.
The iguana is heavily wounded.
You constrict the iguana. The iguana bites you.
You completely miss the iguana. You squeeze the iguana.
The iguana is severely wounded.
You constrict the iguana. The ice beast barely misses you.
The iguana barely misses you.
You hit the iguana.
The iguana is almost dead.
You constrict the iguana.
You kill the iguana!
The ice beast hits you. The ice beast freezes you!!
You feel a terrible chill!
* * * LOW HITPOINT WARNING * * *
You hit the ice beast. Your squeeze misses the ice beast.
The ice beast is lightly wounded.
The ice beast hits you.
* * * LOW HITPOINT WARNING * * *
The ice beast freezes you!
You feel a terrible chill!
You die...
Your body crumbles into a pile of gold.

#######.#.#...'......
#.......#.#####.....#
#.......#.# #######
#.....>...# ####
#....!.$### #...
#........# #.##
#.....$#.# #.##
#...[..#... #.##
#...@..###.# #...#.##
#..Y$..# ...#...#..'
#.?....# #.#...####
#......# .+...# #
#......# #...#
.......# #...#
...###### #...### $
.... #...'.## $
#...#..#


You could see an ice beast.

Vanquished Creatures
  Eustachio (D:4)
  Sigmund (D:3)
  A water moccasin (D:6)
  A black bear (D:6)
  A bullfrog (D:6)
  2 hounds
  4 jellies
  2 orc priests
  Natasha (thrice) (D:3)
  3 iguanas (D:5)
  3 gnolls (D:6)
  11 adders
  A river rat (D:3)
  An ufetubus (D:4)
  2 worms
  4 dart slugs
  6 orcs
  7 ball pythons
  8 bats
  7 endoplasms
  5 giant cockroaches
  5 goblins
  7 hobgoblins
  7 jackals
  4 quokkas
  4 frilled lizards
  8 kobolds
  7 rats
116 creatures vanquished.

Vanquished Creatures (collateral kills)
  An adder (D:3)
  A river rat (D:3)
  A worm (D:3)
  2 giant cockroaches (D:3)
  A rat (D:3)
6 creatures vanquished.

Vanquished Creatures (others)
  An orc (D:4)
1 creature vanquished.

Grand Total: 123 creatures vanquished

Notes
Turn   | Place    | Note
-------+----------+-------------------------------------------
     0 | D:1      | H0rd4k the Octopode Artificer began the quest for the Orb.
     0 | D:1      | Reached XP level 1. HP: 13/13 MP: 1/1
    93 | D:1      | Reached XP level 2. HP: 17/18 MP: 2/2
   449 | D:1      | Reached skill level 2 in Stealth
   449 | D:1      | Reached XP level 3. HP: 23/23 MP: 3/3
   806 | D:2      | Reached skill level 3 in Stealth
   913 | D:2      | Reached XP level 4. HP: 21/28 MP: 4/4
   914 | D:2      | Reached skill level 1 in Unarmed Combat
  1252 | D:2      | Found a runed translucent door.
  1253 | D:2      | Noticed Crazy Yiuf
  1542 | D:2      | Reached skill level 4 in Stealth
  1722 | D:3      | Noticed Sigmund
  1726 | D:3      | Killed Sigmund
  1727 | D:3      | Reached skill level 5 in Stealth
  1727 | D:3      | Reached XP level 5. HP: 34/34 MP: 5/5
  1727 | D:3      | Reached XP level 6. HP: 39/39 MP: 6/6
  1759 | D:3      | Found Ugunusola's Antique Weapon Emporium.
  1822 | D:3      | Found Agoz's Antique Weapon Shop.
  1955 | D:3      | Noticed Natasha
  1964 | D:3      | Killed Natasha
  2069 | D:3      | Found Zoro's Jewellery Boutique.
  2102 | D:3      | Found Bestiheq's Armour Shoppe.
  2342 | D:3      | Found a glowing drain.
  2346 | D:3      | Noticed Natasha
  2378 | D:3      | Killed Natasha
  2483 | D:3      | Noticed Natasha
  2491 | D:3      | Killed Natasha
  2556 | D:4      | Reached skill level 6 in Stealth
  2556 | D:4      | Reached XP level 7. HP: 23/44 MP: 7/7
  2831 | D:4      | Found a staircase to the Ecumenical Temple.
  2949 | D:4      | Noticed Eustachio
  2965 | D:4      | Killed Eustachio
  2997 | Temple   | Entered the Ecumenical Temple
  3006 | Temple   | Became a worshipper of Gozag Ym Sagoz the Greedy
  3070 | D:4      | Identified the +8 dagger of Summer {antimagic, rElec rC-
                  | Dex+8 Stlth-}
  3185 | D:5      | Entered Level 5 of the Dungeon
  3596 | D:6      | HP: 2/45 [bullfrog (6)]
  3812 | D:6      | Reached skill level 5 in Unarmed Combat
  4181 | D:6      | Reached XP level 8. HP: 25/51 MP: 8/8
  4627 | D:6      | Reached skill level 7 in Stealth
  5492 | D:5      | Slain by an ice beast

Illustrated notes

Levels and vault maps discovered:
D:1:      lightli_arrival_farm, layout_basic
D:2:      layout_basic, uniq_crazy_yiuf_cottage
D:3:      layout_loops_ring, portal_sewer_entry_c, serial_shops,
          nicolae_shop_overgrown_old_shop, nicolae_shop_pleasant_corner_grove,
          nicolae_shop_trees, nicolae_shop_tiny_statue_garden, st_stairs_1,
          uniq_natasha, uniq_sigmund
D:4:      layout_cave_pools, minmay_temple_entry_statues_pillars, uniq_eustachio
D:5:      layout_basic, elyvilon_altar_5, uniq_grinder
D:6:      layout_loops_corners, serial_bayou_pond_c
D:7:      layout_loops_ring, nicolae_ashenzari_skybound,
          beargit_hepliaklqana_dungeon_heroes, uniq_maggie, uniq_pikel
Temple:   nicolae_temple_x_marks_the_god

Skill      XL: |  1  2  3  4  5  6  7  8 |
---------------+-------------------------+-----
Dodging        | 3 4 |  4.6
Stealth        | 2 3 5 6 7 |  7.1
Unarmed Combat | 3 5 6 |  6.1
Fighting       | 2 |  2.5
Evocations     | 4 |  4.9

Action                     |  1- 3 |  4- 6 |  7- 9 || total
---------------------------+-------+-------+-------++-------
  Melee: Unarmed           |    81 |   117 |   101 ||   299
         Constrict         |    21 |    32 |    23 ||    76
         Tentacles         |    24 |    26 |    31 ||    81
         Punch             |     1 |     3 |     2 ||     6
         Dagger            |       |       |    14 ||    14
  Evoke: Wand              |       |     7 |    15 ||    22
   Stab: Sleeping          |    13 |    10 |     3 ||    26
         Distracted        |       |       |     1 ||     1
 Armour: Skin              |     8 |     8 |     2 ||    18
  Dodge: Dodged            |    41 |    88 |    80 ||   209
